 Dungeon Crawl Stone Soup version 0.17-a0-1533-g2f57bce (webtiles) character file.

413 urechis the Ruffian (level 6, -1/61 HPs)
             Began as a Troll Monk on July 16, 2015.
             Slain by a kobold
             ... wielding a +0 whip
              (6 damage)
             ... in a sewer.
             The game lasted 00:03:00 (1925 turns).

urechis the Ruffian (Troll Monk)                    Turns: 1925, Time: 00:03:00

Health: -1/61      AC:  6    Str: 22    XL:     6   Next: 59%
Magic:  5/5        EV: 11    Int:  6    God:
Gold:   100        SH:  0    Dex: 12    Spells: 0 memorised, 5 levels left

rFire  . . .     SeeInvis .       - Unarmed
rCold  . . .     Clarity  .     a - +0 robe
rNeg   . . .     SustAt   .     (no shield)
rPois  .         Gourm    +     (helmet restricted)
rElec  .         Spirit   .     k - +0 cloak
rCorr  .         Warding  .     (gloves unavailable)
rMut   .         Stasis   .     (boots unavailable)
MR     .....                    (no amulet)
Stlth  ++........               (no ring)
                                (no ring)

@: not resistant to hostile enchantments, unstealthy
A: unfitting armour, claws 3, fast metabolism 3, gourmand, regeneration 2,
shaggy fur 1, tough skin 2
a: no special abilities


You were in a sewer.
You were not hungry.

You visited 1 branch of the dungeon, and saw 3 of its levels.
You also visited: Sewer.

You collected 100 gold pieces.

Inventory:

Missiles
 f - 7 needles of confusion
 g - 2 throwing nets (quivered)
 s - 24 poisoned needles
Armour
 a - a +0 robe (worn)
 k - a +0 cloak (worn)
Jewellery
 d - an uncursed ring of protection from magic {unknown}
 e - a +3 ring of protection {unknown}
Scrolls
 c - 2 scrolls of immolation {unknown}
 i - 3 scrolls of teleportation {unknown}
 l - a scroll of fog {unknown}
 r - a scroll of enchant weapon {unknown}
 u - a scroll of remove curse {unknown}
Potions
 h - 3 potions of agility {unknown}
 m - 3 potions of curing {unknown}
 o - a potion of brilliance {unknown}
 q - 2 potions of might {unknown}
 t - a potion of heal wounds {unknown}
Comestibles
 b - 2 bread rations
 j - a meat ration
 n - 2 beef jerkies
 p - a royal jelly


   Skills:
 + Level 3.3 Fighting
 + Level 4.4 Dodging
 + Level 2.1 Stealth
 + Level 5.2 Unarmed Combat


You had 5 spell levels left.
You didn't know any spells.

Dungeon Overview and Level Annotations

Branches:
Dungeon (3/15)

Altars:
Yredelemnul


Innate Abilities, Weirdness & Mutations

You are too large for most types of armour.
You have claws for hands.
Your metabolism is lightning-fast.
You like to eat raw meat.
You heal very quickly.
You are covered in fur (AC +1).
You have very tough skin (AC +2).


Message History

* * * LOW HITPOINT WARNING * * *
You closely miss the big kobold. Your claw misses the big kobold.
The big kobold is almost dead.
The kobold hits you.
* * * LOW HITPOINT WARNING * * *
The kobold closely misses you. The kobold misses you.
The big kobold closely misses you.
You closely miss the big kobold.
The big kobold is almost dead.
The kobold hits you.
* * * LOW HITPOINT WARNING * * *
The kobold misses you. The kobold hits you with a whip.
* * * LOW HITPOINT WARNING * * *
The big kobold hits you with a dagger.
* * * LOW HITPOINT WARNING * * *
You claw the big kobold!
You kill the big kobold!
The kobold misses you. The kobold hits you but does no damage.
The kobold hits you with a whip.
You die...

#∩∩.#≈≈≈# #...'≈≈≈#
######≈≈≈######
#....#≈≈≈#....#
#..∩.#≈≈≈#.∩!!#
#.)..#≈≈≈#...!#
#.)..#≈≈≈#...!
##''##≈≈≈##K)###
#....#≈≈≈#.K@K.###
###...P#≈≈≈#.......#
#....≈≈≈≈≈≈#.......#
##...P≈≈≈≈≈#.......#
##...≈P#≈≈≈#P..†...#
#....≈≈#≈≈≈#≈≈.....#
#......#≈≈≈#P≈P....##
#......#≈≈≈≈≈≈......#
#P.....#≈≈≈≈≈≈...†..#


You could see 3 kobolds.

Vanquished Creatures
  The ghost of Duffy the Bolt Thrower, an average FoHu (D:3)
  3 big kobolds (Sewer)
  Terence (D:2)
  2 adders (D:2)
  2 worms
  2 giant geckos
  4 ball pythons
  8 giant cockroaches
  5 hobgoblins
  A jackal (D:1)
  2 quokkas
  11 bats
  7 giant newts
  6 goblins
  12 kobolds
  12 rats
79 creatures vanquished.

Notes
Turn   | Place    | Note
--------------------------------------------------------------
     0 | D:1      | urechis the Troll Monk began the quest for the Orb.
     0 | D:1      | Reached XP level 1. HP: 22/22 MP: 0/0
   226 | D:1      | Reached XP level 2. HP: 29/29 MP: 1/1
  1109 | D:2      | Reached XP level 3. HP: 36/36 MP: 2/2
  1152 | D:2      | Noticed Terence
  1158 | D:2      | Killed Terence
  1173 | D:2      | Reached XP level 4. HP: 34/44 MP: 3/3
  1217 | D:2      | Found a basalt altar of Yredelemnul.
  1500 | D:3      | Noticed Duffy's ghost (average FoHu)
  1513 | D:3      | Killed Duffy's ghost
  1513 | D:3      | Reached XP level 5. HP: 22/53 MP: 4/4
  1651 | D:3      | Found a glowing drain.
  1664 | Sewer    | Entered a sewer
  1831 | Sewer    | Reached XP level 6. HP: 55/61 MP: 5/5
  1834 | Sewer    | Reached skill level 5 in Unarmed Combat
  1925 | Sewer    | Slain by a kobold

Vault maps used:
D:1:      lemuel_arrival_funnel, corexii_corridor_pit, minmay_close_crescents
D:2:      yredelemnul_altar_generic, uniq_terence
D:3:      nicolae_overflow_crystal_walls, gup_sewer_entry_pipe
Sewer:    kennysheep_pipe_town

Action                   |  1- 3 |  4- 6 || total
-------------------------+-------+-------++-------
Melee: Unarmed           |    72 |   152 ||   224
 Stab: Sleeping          |     4 |     4 ||     8
  Eat: Chunk             |    14 |     4 ||    18
